AoeStats
← Mito

Arena

510531207Analyzed
3v3 RM · 20h ago on Oct 1, 2026· 63m 4s· 6 players
Game mode
Random Map
Map size
Normal (6 player)
Population
200
Speed
Normal
Resources
Standard
Victory
Conquest
Starting age
Dark Age
Ending age
Imperial Age
RankedLock teamsTeams togetherTeam positionsShared explorationLock speedFull tech treeHidden civsTurbo modeCheats
Victory
Defeat
🇪🇸 Khmer · Spain
1016
+15
🇪🇸 Goths · Spain
986
+16
🇪🇸 Burgundians · Spain
950
+18
🇷🇺 Jurchens · Russia
1130
-21
🇷🇺 Persians · Russia
1080
-20
🇹🇼 Sicilians · Taiwan
780
-8
MrLennon
11:11 Feudal Age
12:12 Double-Bit Axe
14:51 Castle Age
13:17 Horse Collar
14:16 Double-Bit Axe
17:31 Wheelbarrow
17:54 Loom
18:33 Stone Mining
22:02 Stone Shaft Mining
21:20 Gold Mining
22:47 Bow Saw
22:39 Heavy Plow
23:23 Forging
23:14 Scale Mail Armor
25:09 Hand Cart
25:14 Squires
25:48 Town Watch
26:32 Pikeman
27:26 Town Patrol
29:04 Iron Casting
31:33 Anarchy
36:33 Imperial Age
36:41 Scale Mail Armor
37:54 Perfusion
38:15 Conscription
38:03 Halberdier
49:13 Blast Furnace
48:28 Chain Mail Armor
Raguloso
4:49 Loom
7:12 Double-Bit Axe
8:26 Wheelbarrow
11:51 Feudal Age
10:10 Horse Collar
17:46 Castle Age
15:33 Town Watch
16:19 Bow Saw
16:14 Gold Mining
16:29 Heavy Plow
17:47 Hand Cart
17:28 Stone Mining
18:26 Gold Shaft Mining
20:42 Two-Man Saw
21:50 Scale Barding Armor
22:27 Forging
26:36 Fletching
28:04 Crop Rotation
29:02 Iron Casting
29:49 Chain Barding Armor
28:51 Cavalier
29:32 Husbandry
29:54 Scale Mail Armor
30:06 Bodkin Arrow
29:34 Light Cavalry
32:23 Chain Mail Armor
34:51 Imperial Age
32:22 Town Patrol
33:04 Ballistics
32:55 Fortified Wall
32:41 Murder Holes
32:48 Guard Tower
33:03 Squires
32:50 Arson
33:44 Burgundian Vineyards
35:18 Hussar
37:16 Conscription
38:32 Chemistry
38:09 Keep
38:43 Paladin
40:25 Bombard Tower
50:04 Plate Barding Armor
50:29 Blast Furnace
49:30 Padded Archer Armor
63:25 Leather Archer Armor
Mito
10:57 Feudal Age
14:51 Castle Age
18:03 Loom
24:59 Imperial Age
22:40 Double-Bit Axe
22:56 Gold Mining
23:59 Bow Saw
24:23 Horse Collar
26:30 Gold Shaft Mining
27:04 Heavy Plow
29:12 Wheelbarrow
29:26 Coinage
30:28 Siege Engineers
31:22 Ballistics
32:16 Double Crossbow
32:40 Conscription
32:37 Heavy Scorpion
34:17 Banking
35:25 Hand Cart
35:01 Town Watch
35:02 Loom
40:40 Masonry
41:30 Chemistry
40:27 Murder Holes
40:42 Fortified Wall
43:37 Hoardings
56:40 Architecture
57:29 Crop Rotation
57:51 Town Patrol
joe19940606
10:53 Feudal Age
14:59 Castle Age
13:46 Double-Bit Axe
19:40 Loom
24:37 Bow Saw
25:11 Wheelbarrow
24:17 Horse Collar
25:20 Gold Mining
25:34 Heavy Plow
26:02 Hand Cart
25:47 Loom
30:27 Imperial Age
29:22 Loom
30:38 Town Watch
32:18 Husbandry
31:39 Cavalier
32:38 Bloodlines
32:50 Scale Barding Armor
32:55 Forging
33:57 Chain Barding Armor
34:08 Savar
35:46 Iron Casting
42:19 Plate Barding Armor
42:45 Blast Furnace
41:45 Scale Mail Armor
42:18 Elite War Elephant
43:25 Conscription
45:07 Light Cavalry
46:05 Hussar
52:38 Caravan
57:56 Gold Shaft Mining
p123321x
5:34 Loom
12:40 Feudal Age
19:28 Castle Age
19:26 Stone Mining
19:22 Horse Collar
19:32 Double-Bit Axe
19:41 Gold Mining
20:52 Scale Mail Armor
21:03 Forging
30:34 Squires
29:54 Pikeman
30:20 Arson
33:03 Husbandry
36:16 Scale Barding Armor
36:27 Chain Mail Armor
37:06 Wheelbarrow
37:22 Iron Casting
37:23 Bloodlines
37:41 First Crusade
38:57 Hand Cart
43:59 Heavy Plow
50:57 Imperial Age
50:44 Light Cavalry
51:59 Heavy Scorpion
52:25 Cavalier
53:34 Conscription
55:39 Chain Barding Armor
56:20 Blast Furnace
Michael嘉
12:04 Feudal Age
15:43 Castle Age
13:40 Double-Bit Axe
13:38 Horse Collar
17:02 Bow Saw
17:15 Heavy Plow
23:22 Wheelbarrow
28:04 Imperial Age
26:28 Scale Barding Armor
26:34 Forging
26:38 Gold Mining
26:42 Stone Mining
26:53 Stone Mining
29:19 Conscription
29:12 Thunderclap Bombs
30:42 Two-Man Saw
30:28 Padded Archer Armor
30:54 Siege Engineers
31:13 Ballistics
31:59 Masonry
31:30 Treadmill Crane
32:51 Chemistry
32:25 Husbandry
33:28 Bloodlines
32:39 Light Cavalry
34:07 Leather Archer Armor
33:31 Pikeman
34:12 Squires
33:58 Arson
34:00 Gambesons
34:27 Scale Mail Armor
35:03 Iron Casting
35:43 Crop Rotation
35:19 Halberdier
38:23 Ring Archer Armor
38:14 Chain Barding Armor
38:12 Chain Mail Armor
38:58 Blast Furnace
38:33 Elite Iron Pagoda
39:17 Hussar
40:38 Chain Barding Armor
45:42 Hoardings
48:11 Architecture
47:53 Fortified Wall
47:30 Arrowslits
47:43 Murder Holes
48:29 Heavy Rocket Cart
50:40 Plate Barding Armor
56:37 Elite Skirmisher
57:55 Hand Cart
Connection lost

Rejoining the realm…

Still unreachable

The connection could not be restored.

Session expired

The server has moved on; the page needs a fresh start.